 Dungeon Crawl Stone Soup version 0.24.1-8-ga250c9d538 (webtiles) character file.

Game seed: 6979741488805826718, levelgen mode: deterministic

25 Hugehornet the Cudgeler (level 3, -11/23 HPs)
             Began as a Gargoyle Fighter on Apr 30, 2020.
             Mangled by an ogre
             ... wielding a +0 giant club
              (13 damage)
             ... on level 2 of the Dungeon.
             The game lasted 00:01:59 (676 turns).

Hugehornet the Cudgeler (Gargoyle Fighter)           Turns: 676, Time: 00:02:00

Health: -11/23     AC: 12    Str: 25    XL:     3   Next: 4%
Magic:  3/3        EV:  5    Int:  8    God:
Gold:   44         SH:  9    Dex:  9    Spells: 2/2 levels left

rFire    . . .     SeeInvis .   a - +0 flail
rCold    . . .     Gourm    .   c - +0 shield
rNeg     + . .     Faith    .   m - +0 chain mail
rPois    ∞         Spirit   .   (no helmet)
rElec    +         Reflect  .   (no cloak)
rCorr    .         Harm     .   (no gloves)
MR       .....                  (no boots)
Stlth    ..........             (no amulet)
HPRegen  0.07/turn              (no ring)
MPRegen  0.08/turn              (no ring)

@: mighty
A: negative energy resistance 1, electricity resistance, unbreathing,
petrification resistance, rot immunity, AC +3
a: no special abilities


You were on level 2 of the Dungeon.
You were not hungry.

You visited 1 branch of the dungeon, and saw 2 of its levels.

You collected 44 gold pieces.

Inventory:

Hand Weapons
 a - a +0 flail (weapon)
Armour
 c - a +0 shield (worn)
 m - a +0 chain mail (worn)
Jewellery
 i - an uncursed ring of ice {unknown}
Scrolls
 b - a scroll of remove curse {unknown}
 h - a scroll of magic mapping {unknown}
 j - 2 scrolls of identify {unknown}
 k - a scroll of immolation {unknown}
Potions
 e - 2 potions of invisibility {unknown}
 g - 2 potions of curing {unknown}
 l - a potion of heal wounds {unknown}
Comestibles
 f - 3 rations


   Skills:
 - Level 3.2 Fighting
 + Level 3.4 Maces & Flails
 - Level 3.2 Armour
 - Level 3.2 Shields


You had 2 spell levels left.
You didn't know any spells.
Your spell library was empty.

Dungeon Overview and Level Annotations

Branches:
Dungeon (2/15)

Altars:


Innate Abilities, Weirdness & Mutations

You are resistant to torment.
Your stone body is resilient. (AC +3)
You are immune to poison.
You resist negative energy. (rN+)
You are resistant to electric shocks. (rElec)
You can survive without breathing.
You are immune to petrification.
You are immune to rotting.


Message History

No target in view!
No target in view!
The goblin is too close now for your liking.
Your shield and chain mail prevent you from hitting the goblin.
An ogre comes into view. It is wielding a +0 giant club.
The goblin hits you but does no damage.
You closely miss the goblin. You block the goblin's attack.
You barely miss the goblin. The goblin barely misses you.
You thump the goblin!
You kill the goblin!
You closely miss the ogre. The ogre hits you with a +0 giant club.
Your shield and chain mail prevent you from hitting the ogre.
The ogre hits you with a +0 giant club!
You are too injured to fight recklessly!
You feel very mighty all of a sudden. The ogre hits you with a +0 giant club!
* * * LOW HITPOINT WARNING * * *
You barely miss the ogre. The ogre hits you with a +0 giant club!
Ouch! That really hurt!
You die...

... ###.. #.... #...
# #### #....#
.....#..#.#.#
#......%..#.#
#.#.###.###.###
#....O@.......#
#.#..)<#.##.#.#
......###.##.#
.....##.... #.##.#
#...#.#########.##.#
#..................#
#......#########.###
#.#.(..# #.#
#.#....# #######.#


You could see an ogre.

Vanquished Creatures
  A leopard gecko (D:1)
  8 bats (D:1)
  4 goblins
  4 hobgoblins (D:1)
  A frilled lizard (D:1)
  2 kobolds (D:1)
  3 rats (D:1)
23 creatures vanquished.

Notes
Turn   | Place    | Note
-------+----------+-------------------------------------------
     0 | D:1      | Hugehornet the Gargoyle Fighter began the quest for the
                  | Orb.
     0 | D:1      | Reached XP level 1. HP: 14/14 MP: 1/1
   131 | D:1      | Reached XP level 2. HP: 16/19 MP: 2/2
   399 | D:1      | Reached XP level 3. HP: 23/23 MP: 3/3
   669 | D:2      | Noticed an ogre
   676 | D:2      | Mangled by an ogre

Levels and vault maps discovered:
D:1:      minmay_arrival_four_houses, layout_loops_ring
D:2:      layout_basic, grunt_temple_overflow_open

Skill      XL: |  1  2 |
---------------+-------+-----
Maces & Flails | 3 |  3.4
Fighting       | |  3.2
Armour         | |  3.2
Shields        | |  3.2

Action                   || total
-------------------------++-------
Melee: Flail             ||    84
  Use: Potion            ||     1
Armor: Scale mail        ||    42
       Chain mail        ||     3
Dodge: Dodged            ||    26
Block: Shield            ||    57
